| TOP OF THE 1ST |
|
Grand Junction Rockies batting - Pitching for Billings Mustangs : RHP David Alferez
|
|
Pitching: RHP David Alferez
|
|
|
Batting: SHB Rich McDonald
|
0-0: Swinging Strike 0-1: Called Strike 0-2: Foul Ball, location: 2F 0-2: Foul Ball, location: 2F 0-2: Strikes out swinging
|
|
Batting: RHB Ivan Castaneda
|
0-0: Fly out, F8 (Line Drive, 8LM, EV 95.6 MPH)
|
|
Batting: RHB Wali Mulogo
|
0-0: Foul Ball, location: 2F 0-1: Called Strike 0-2: Ball 1-2: Ball 2-2: Foul Ball, location: 2F 2-2: Ground out 5-3 (Groundball, 5, EV 78.8 MPH)
|
| Top of the 1st over - 0 runs, 0 hits, 0 errors, 0 left on base; Grand Junction 0 - Billings 0 |
| BOTTOM OF THE 1ST |
|
Billings Mustangs batting - Pitching for Grand Junction Rockies : LHP Mike Pierce
|
|
Pitching: LHP Mike Pierce
|
|
|
Batting: RHB Alex de Leon
|
0-0: SOLO HOME RUN (Flyball, 7D, EV 97.5 MPH), Distance : 383 ft
|
|
Batting: SHB Jaivata Mohanty
|
0-0: Ball 1-0: Foul Ball, location: 2F 1-1: Foul Ball, location: 2F 1-2: Foul Ball, location: 2F 1-2: Ball 2-2: Ball 3-2: SINGLE (Groundball, 6M, EV 109.4 MPH) (infield hit)
|
|
Batting: RHB Alex Villagomez
|
0-0: Ball 1-0: Ball Wild Pitch! Jaivata Mohanty to second 2-0: 2-RUN HOME RUN (Line Drive, 7LD, EV 95.6 MPH), Distance : 344 ft
|
|
Batting: SHB David Garnica
|
0-0: Called Strike 0-1: Called Strike 0-2: SOLO HOME RUN (Flyball, 9D, EV 98.1 MPH), Distance : 377 ft
|
|
Batting: RHB Alex Juarez
|
0-0: Called Strike 0-1: Ball 1-1: SINGLE (Groundball, 4S, EV 68.8 MPH) (infield hit)
|
|
Batting: RHB Gabriel Arias
|
0-0: Ball 1-0: SINGLE (Groundball, 34D, EV 105.0 MPH) Alex Juarez to second Runner from 2nd tries for 3rd, SAFE, throw by RF made to third
|
|
Pitching: RHP Don Carriere
|
|
|
Batting: RHB Oscar Chapa
|
0-0: Foul Ball, location: 2F 0-1: Called Strike 0-2: DOUBLE (Line Drive, 9LM, EV 102.5 MPH) Alex Juarez scores Gabriel Arias to third
|
|
Batting: LHB Alex Ramos
|
0-0: Ball 1-0: Swinging Strike Passed Ball! Gabriel Arias scores Oscar Chapa to third 1-1: Swinging Strike 1-2: Ball 2-2: Strikes out swinging
|
|
Batting: RHB Will Trudeau
|
0-0: Ball 1-0: Ball Passed Ball! Oscar Chapa scores 2-0: Foul Ball, location: 2F 2-1: Foul Ball, location: 2F 2-2: SOLO HOME RUN (Flyball, 7D, EV 93.8 MPH), Distance : 365 ft
|
|
Batting: RHB Alex de Leon
|
0-0: Foul Ball, location: 2F 0-1: Ball 1-1: Fly out, F7 (Flyball, 78M, EV 85.6 MPH)
|
|
Batting: SHB Jaivata Mohanty
|
0-0: Ball 1-0: Ball 2-0: Called Strike 2-1: Foul Ball, location: 2F 2-2: Foul Ball, location: 2F 2-2: DOUBLE (Line Drive, 9LM, EV 110.6 MPH)
|
|
Pitching: RHP David Landa
|
|
|
Batting: RHB Alex Villagomez
|
0-0: Ball 1-0: Foul Ball, location: 2F 1-1: Swinging Strike 1-2: Ball Passed Ball! Jaivata Mohanty to third 2-2: Reached on error, E6 (Groundball, 6S, EV 90.0 MPH) Jaivata Mohanty scores
|
|
Batting: SHB David Garnica
|
0-0: Ball Wild Pitch! Alex Villagomez to second 1-0: Foul Ball, location: 2F 1-1: Ball Passed Ball! Alex Villagomez to third 2-1: 2-RUN HOME RUN (Flyball, 9LD, EV 91.9 MPH), Distance : 356 ft
|
|
Batting: RHB Alex Juarez
|
0-0: Ball 1-0: Ball 2-0: Ball 3-0: Base on Balls
|
|
Batting: RHB Gabriel Arias
|
0-0: Ball 1-0: SINGLE (Flyball, 8RS, EV 100.0 MPH) Alex Juarez to second
|
|
Batting: RHB Oscar Chapa
|
0-0: Ball 1-0: Called Strike 1-1: Ball Passed Ball! Alex Juarez to third Gabriel Arias to second 2-1: Ball 3-1: Foul Ball, location: 2F 3-2: Base on Balls
|
|
Pitching: RHP Alex Valadez
|
|
|
Batting: LHB Alex Ramos
|
0-0: Called Strike 0-1: Swinging Strike 0-2: Ball Passed Ball! Alex Juarez scores Gabriel Arias to third Oscar Chapa to second 1-2: Ball 2-2: Foul Ball, location: 2F 2-2: Ball 3-2: Fly out, F7 (Flyball, 7, EV 83.1 MPH)
|
| Bottom of the 1st over - 12 runs, 11 hits, 1 error, 2 left on base; Grand Junction 0 - Billings 12 |
| TOP OF THE 2ND |
|
Grand Junction Rockies batting - Pitching for Billings Mustangs : RHP David Alferez
|
|
Batting: RHB Justin Garrett
|
0-0: Ball 1-0: Foul Ball, location: 2F 1-1: Swinging Strike 1-2: SOLO HOME RUN (Flyball, 78XD, EV 96.2 MPH), Distance : 391 ft
|
|
Batting: RHB Josh Lofgreen
|
0-0: Called Strike 0-1: Foul Ball, location: 2F 0-2: Ball 1-2: Ball 2-2: Ground out 5-3 (Groundball, 56S, EV 66.2 MPH)
|
|
Batting: RHB Carlos Manriquez
|
0-0: Called Strike 0-1: Ball 1-1: Ball 2-1: Ground out 4-3 (Groundball, 4, EV 81.2 MPH)
|
|
Batting: RHB Joe Shade
|
0-0: Ball 1-0: Foul Ball, location: 2F 1-1: Called Strike 1-2: Strikes out swinging, 2-3 out at first.
|
| Top of the 2nd over - 1 run, 1 hit, 0 errors, 0 left on base; Grand Junction 1 - Billings 12 |
| BOTTOM OF THE 2ND |
|
Billings Mustangs batting - Pitching for Grand Junction Rockies : RHP Alex Valadez
|
|
Batting: RHB Will Trudeau
|
0-0: Ball 1-0: Foul Ball, location: 2F 1-1: Swinging Strike 1-2: Ball 2-2: Strikes out swinging
|
|
Batting: RHB Alex de Leon
|
0-0: Foul Ball, location: 2F 0-1: SINGLE (Groundball, 34D, EV 102.5 MPH)
|
|
Batting: SHB Jaivata Mohanty
|
0-0: Foul Ball, location: 2F 0-1: Called Strike 0-2: Ball 1-2: Ball 2-2: Ball 3-2: SINGLE (Groundball, 4M, EV 105.0 MPH) (infield hit) Alex de Leon to second
|
|
Pitching: RHP Oscar Barahona
|
|
|
Batting: RHB Alex Villagomez
|
0-0: Ball 1-0: Foul Ball, location: 2F 1-1: Foul Ball, location: 2F 1-2: Strikes out swinging
|
|
Batting: SHB David Garnica
|
0-0: Ball 1-0: Ball 2-0: Ball 3-0: Base on Balls Alex de Leon to third Jaivata Mohanty to second
|
|
Batting: RHB Alex Juarez
|
0-0: Ball Passed Ball! Alex de Leon scores Jaivata Mohanty to third David Garnica to second 1-0: Ball Wild Pitch! Jaivata Mohanty scores David Garnica to third 2-0: Ball 3-0: Base on Balls
|
|
Batting: RHB Gabriel Arias
|
0-0: Ball 1-0: Ball 2-0: Ball 3-0: Foul Ball, location: 2F 3-1: 3-RUN HOME RUN (Flyball, 7D, EV 98.1 MPH), Distance : 378 ft
|
|
Batting: RHB Oscar Chapa
|
0-0: Called Strike 0-1: Swinging Strike 0-2: Foul Ball, location: 2F 0-2: Ball 1-2: Foul Ball, location: 2F 1-2: Ball 2-2: Ground out 6-3 (Groundball, 6, EV 108.1 MPH)
|
| Bottom of the 2nd over - 5 runs, 3 hits, 0 errors, 0 left on base; Grand Junction 1 - Billings 17 |
| TOP OF THE 3RD |
|
Grand Junction Rockies batting - Pitching for Billings Mustangs : RHP David Alferez
|
|
Batting: RHB Edwin Bejarano
|
0-0: SOLO HOME RUN (Line Drive, 78XD, EV 106.9 MPH), Distance : 422 ft
|
|
Batting: SHB J.D. Newman
|
0-0: Swinging Strike 0-1: Called Strike 0-2: Strikes out swinging
|
|
Batting: SHB Rich McDonald
|
0-0: Ball 1-0: Ball 2-0: Called Strike 2-1: Foul Ball, location: 2F 2-2: SINGLE (Groundball, 4M, EV 95.6 MPH) (infield hit)
|
|
Batting: RHB Ivan Castaneda
|
0-0: Ball Rich McDonald is caught stealing 2nd base 2-4 1-0: Ball 2-0: Ball 3-0: Called Strike 3-1: Swinging Strike 3-2: Strikes out looking
|
| Top of the 3rd over - 1 run, 2 hits, 0 errors, 0 left on base; Grand Junction 2 - Billings 17 |
| BOTTOM OF THE 3RD |
|
Billings Mustangs batting - Pitching for Grand Junction Rockies : RHP Oscar Barahona
|
|
Pitching: RHP Tom Gentry
|
|
|
Batting: LHB Alex Ramos
|
0-0: Foul Ball, location: 2F 0-1: Ball 1-1: Ball 2-1: Foul Ball, location: 2RF, Error on foul ball, E2 2-2: Foul Ball, location: 2F 2-2: Ball 3-2: Base on Balls
|
|
Batting: RHB Will Trudeau
|
0-0: 2-RUN HOME RUN (Flyball, 7LD, EV 90.0 MPH), Distance : 354 ft
|
|
Batting: RHB Alex de Leon
|
0-0: Ball 1-0: Swinging Strike 1-1: Fly out, F7 (Line Drive, 78M, EV 92.5 MPH)
|
|
Batting: SHB Jaivata Mohanty
|
0-0: Ball 1-0: Ball 2-0: Ball 3-0: Base on Balls
|
|
Batting: RHB Alex Villagomez
|
0-0: Ball 1-0: Fly out, F9 (Flyball, 9D, EV 105.0 MPH)
|
|
Batting: SHB David Garnica
|
0-0: Swinging Strike 0-1: Ball 1-1: Called Strike 1-2: Ball Passed Ball! Jaivata Mohanty to second 2-2: Ball 3-2: Foul Ball, location: 2F 3-2: Foul Ball, location: 2F 3-2: Foul Ball, location: 2F 3-2: Base on Balls
|
|
Pitching: LHP Ernesto Galindo
|
|
|
Batting: RHB Alex Juarez
|
0-0: Ball 1-0: Ball 2-0: Called Strike 2-1: Ball Passed Ball! Jaivata Mohanty to third David Garnica to second 3-1: Base on Balls
|
|
Batting: RHB Gabriel Arias
|
0-0: Ball Wild Pitch! Jaivata Mohanty scores David Garnica to third Alex Juarez to second 1-0: Called Strike 1-1: Ball 2-1: Reached on error, E5 (Groundball, 56S, EV 91.9 MPH) David Garnica scores Alex Juarez to third
|
|
Batting: RHB Oscar Chapa
|
0-0: 3-RUN HOME RUN (Flyball, 7LD, EV 93.1 MPH), Distance : 349 ft
|
|
Batting: LHB Alex Ramos
|
0-0: SOLO HOME RUN (Flyball, 8LXD, EV 107.5 MPH), Distance : 426 ft
|
|
Batting: RHB Will Trudeau
|
0-0: Ball 1-0: Ground out 6-3 (Groundball, 6, EV 80.6 MPH)
|
| Bottom of the 3rd over - 8 runs, 3 hits, 2 errors, 0 left on base; Grand Junction 2 - Billings 25 |
| TOP OF THE 4TH |
|
Grand Junction Rockies batting - Pitching for Billings Mustangs : RHP David Alferez
|
|
Batting: RHB Wali Mulogo
|
0-0: Ball 1-0: Ground out 5-3 (Groundball, 56, EV 102.5 MPH)
|
|
Batting: RHB Justin Garrett
|
0-0: Ball 1-0: Ball 2-0: Called Strike 2-1: Ball 3-1: Base on Balls
|
|
Batting: RHB Josh Lofgreen
|
0-0: Ball 1-0: Ball 2-0: Swinging Strike 2-1: Foul Ball, location: 2F 2-2: Strikes out swinging
|
|
Batting: RHB Carlos Manriquez
|
0-0: Ball 1-0: Fielders Choice at 2nd, 6-4 (Groundball, 6, EV 96.9 MPH)
|
| Top of the 4th over - 0 runs, 0 hits, 0 errors, 1 left on base; Grand Junction 2 - Billings 25 |
| BOTTOM OF THE 4TH |
|
Billings Mustangs batting - Pitching for Grand Junction Rockies : LHP Ernesto Galindo
|
|
Batting: RHB Alex de Leon
|
0-0: Foul Ball, location: 2F 0-1: Called Strike 0-2: SINGLE (Groundball, 6D, EV 108.8 MPH)
|
|
Batting: SHB Jaivata Mohanty
|
0-0: Called Strike 0-1: Ball 1-1: Foul Ball, location: 2F 1-2: Ball Passed Ball! Alex de Leon to second 2-2: 2-RUN HOME RUN (Flyball, 7LD, EV 94.4 MPH), Distance : 346 ft
|
|
Batting: RHB Alex Villagomez
|
0-0: Ball 1-0: Ball 2-0: Ball 3-0: Called Strike 3-1: Base on Balls
|
|
Batting: SHB David Garnica
|
0-0: Ball 1-0: Ball 2-0: Called Strike 2-1: Ball Passed Ball! Alex Villagomez to second 3-1: Base on Balls
|
|
Pitching: LHP Omar Samario
|
|
|
Batting: RHB Alex Juarez
|
0-0: Swinging Strike 0-1: Ball 1-1: Foul Ball, location: 2F 1-2: Strikes out swinging
|
|
Batting: RHB Gabriel Arias
|
0-0: Ball 1-0: Ball Passed Ball! Alex Villagomez to third David Garnica to second 2-0: Foul Ball, location: 2F 2-1: Swinging Strike 2-2: Ball 3-2: Foul Ball, location: 2F 3-2: Foul Ball, location: 2F 3-2: 3-RUN HOME RUN (Flyball, 89XD, EV 107.5 MPH), Distance : 398 ft
|
|
Batting: RHB Oscar Chapa
|
0-0: Foul Ball, location: 2F 0-1: Swinging Strike 0-2: Ball 1-2: Fly out, F8 (Line Drive, 78M, EV 92.5 MPH)
|
|
Batting: LHB Alex Ramos
|
0-0: Called Strike 0-1: DOUBLE (Line Drive, 78D, EV 94.4 MPH)
|
|
Batting: RHB Will Trudeau
|
0-0: Ball 1-0: Called Strike 1-1: Ground out 5-3 (Groundball, 56, EV 105.0 MPH)
|
| Bottom of the 4th over - 5 runs, 4 hits, 0 errors, 1 left on base; Grand Junction 2 - Billings 30 |
| TOP OF THE 5TH |
|
Grand Junction Rockies batting - Pitching for Billings Mustangs : RHP David Alferez
|
|
Batting: RHB Joe Shade
|
0-0: Ball 1-0: Ball 2-0: Foul Ball, location: 2F 2-1: Swinging Strike 2-2: Strikes out swinging
|
|
Batting: RHB Edwin Bejarano
|
0-0: Called Strike 0-1: Ball 1-1: Fly out, F9 (Flyball, 9, EV 95.6 MPH)
|
|
Batting: SHB J.D. Newman
|
0-0: Hit by Pitch
|
|
Batting: SHB Rich McDonald
|
0-0: Swinging Strike 0-1: Swinging Strike 0-2: Foul Ball, location: 2F 0-2: Ground out U3 (Groundball, 34, EV 90.6 MPH)
|
| Top of the 5th over - 0 runs, 0 hits, 0 errors, 1 left on base; Grand Junction 2 - Billings 30 |
| BOTTOM OF THE 5TH |
|
Billings Mustangs batting - Pitching for Grand Junction Rockies : LHP Omar Samario
|
|
Batting: RHB Alex de Leon
|
0-0: Ball 1-0: Foul Ball, location: 2F 1-1: Ball 2-1: Called Strike 2-2: Ball 3-2: Foul Ball, location: 2F 3-2: Foul Ball, location: 2F 3-2: Fly out, F8 (Flyball, 8RM, EV 89.4 MPH)
|
|
Batting: SHB Jaivata Mohanty
|
0-0: Foul Ball, location: 2F 0-1: Called Strike 0-2: Ball 1-2: Ball 2-2: Ball 3-2: Hit by Pitch
|
|
Pitching: RHP Jerry Dunne
|
|
|
Batting: RHB Alex Villagomez
|
0-0: Fly out, F8 (Flyball, 8RXD, EV 95.0 MPH)
|
|
Batting: SHB David Garnica
|
0-0: Called Strike 0-1: Fly out, F7 (Flyball, 7S, EV 90.6 MPH)
|
| Bottom of the 5th over - 0 runs, 0 hits, 0 errors, 1 left on base; Grand Junction 2 - Billings 30 |
| TOP OF THE 6TH |
|
Grand Junction Rockies batting - Pitching for Billings Mustangs : RHP David Alferez
|
|
Pitching: RHP Cortez Restrepo
|
|
|
Batting: RHB Ivan Castaneda
|
0-0: Ball 1-0: Ball 2-0: Ball 3-0: Called Strike 3-1: Swinging Strike 3-2: DOUBLE (Line Drive, 7LD, EV 110.6 MPH)
|
|
Batting: RHB Wali Mulogo
|
0-0: Ball 1-0: Called Strike 1-1: Swinging Strike 1-2: Strikes out looking
|
|
Batting: RHB Justin Garrett
|
0-0: Called Strike 0-1: Ball 1-1: Foul Ball, location: 2F 1-2: SINGLE (Groundball, 6MD, EV 98.8 MPH) Ivan Castaneda to third
|
|
Batting: RHB Josh Lofgreen
|
0-0: Ball 1-0: Ball 2-0: Ball 3-0: Called Strike 3-1: Base on Balls Justin Garrett to second
|
|
Batting: RHB Carlos Manriquez
|
0-0: Called Strike 0-1: Ball 1-1: Ball 2-1: Foul Ball, location: 2F 2-2: Strikes out swinging
|
|
Batting: RHB Joe Shade
|
0-0: Called Strike 0-1: Swinging Strike 0-2: Strikes out swinging
|
| Top of the 6th over - 0 runs, 2 hits, 0 errors, 3 left on base; Grand Junction 2 - Billings 30 |
| BOTTOM OF THE 6TH |
|
Billings Mustangs batting - Pitching for Grand Junction Rockies : RHP Jerry Dunne
|
|
Batting: RHB Alex Juarez
|
0-0: Ball 1-0: Ball 2-0: Ball 3-0: Called Strike 3-1: Fly out, F8 (Flyball, 78S, EV 76.9 MPH)
|
|
Batting: RHB Gabriel Arias
|
0-0: Called Strike 0-1: Fly out, F9 (Flyball, 9LM, EV 83.8 MPH)
|
|
Batting: RHB Oscar Chapa
|
0-0: Ball 1-0: Ball 2-0: SINGLE (Groundball, 6D, EV 103.1 MPH)
|
|
Batting: LHB Alex Ramos
|
0-0: Called Strike 0-1: DOUBLE (Flyball, 8LD, EV 87.5 MPH) Oscar Chapa to third Runner from 3rd tries for Home, SAFE, throw by CF to home
|
|
Batting: RHB Will Trudeau
|
0-0: Ball 1-0: Ball 2-0: Swinging Strike 2-1: Ball 3-1: Base on Balls
|
|
Pitching: RHP Julio Marquez
|
|
|
Batting: RHB Alex de Leon
|
0-0: Called Strike 0-1: Foul Ball, location: 2F 0-2: Ball 1-2: Foul Ball, location: 2F 1-2: Foul Ball, location: 2F 1-2: Fly out, F4 (Popup, 13, EV 83.1 MPH)
|
| Bottom of the 6th over - 1 run, 2 hits, 0 errors, 2 left on base; Grand Junction 2 - Billings 31 |
| TOP OF THE 7TH |
|
Grand Junction Rockies batting - Pitching for Billings Mustangs : RHP Cortez Restrepo
|
|
Batting: RHB Edwin Bejarano
|
0-0: Foul Ball, location: 2F 0-1: Foul Ball, location: 2F 0-2: Ball 1-2: Strikes out swinging
|
|
Batting: SHB J.D. Newman
|
0-0: Ball 1-0: Called Strike 1-1: Ball 2-1: SOLO HOME RUN (Flyball, 9D, EV 101.9 MPH), Distance : 386 ft
|
|
Pitching: LHP Gabe Alcantara
|
|
|
Batting: SHB Rich McDonald
|
0-0: Swinging Strike 0-1: Swinging Strike 0-2: Foul Ball, location: 2F 0-2: Ball 1-2: Strikes out swinging
|
|
Batting: RHB Ivan Castaneda
|
0-0: Fly out, F1 (Line Drive, P, EV 64.4 MPH)
|
| Top of the 7th over - 1 run, 1 hit, 0 errors, 0 left on base; Grand Junction 3 - Billings 31 |
| BOTTOM OF THE 7TH |
|
Billings Mustangs batting - Pitching for Grand Junction Rockies : RHP Julio Marquez
|
|
Pinch Hitting: RHB Ji-an See-to
|
0-0: Ball 1-0: Called Strike 1-1: Foul Ball, location: 2F 1-2: Foul Ball, location: 2F 1-2: Ball 2-2: Foul Ball, location: 2F 2-2: Ball 3-2: Base on Balls
|
|
Batting: RHB Alex Villagomez
|
0-0: Ball Passed Ball! Ji-an See-to to second 1-0: Called Strike 1-1: Ball 2-1: Ball 3-1: Foul Ball, location: 2F 3-2: Base on Balls
|
|
Pinch Hitting: LHB Martin Koka
|
0-0: SINGLE (Groundball, 4MD, EV 96.2 MPH) Ji-an See-to to third Alex Villagomez to second
|
|
Batting: RHB Alex Juarez
|
0-0: Called Strike 0-1: Fielders Choice at 2nd, 3-6 (Groundball, 34S, EV 88.8 MPH) Ji-an See-to scores Alex Villagomez to third
|
|
Batting: RHB Gabriel Arias
|
0-0: Fly out, F7 (Line Drive, 78M, EV 94.4 MPH)
|
|
Batting: RHB Oscar Chapa
|
0-0: Foul Ball, location: 2F 0-1: Fly out, F3 (Line Drive, 3, EV 67.5 MPH)
|
| Bottom of the 7th over - 1 run, 1 hit, 0 errors, 2 left on base; Grand Junction 3 - Billings 32 |
| TOP OF THE 8TH |
|
Grand Junction Rockies batting - Pitching for Billings Mustangs : LHP Gabe Alcantara
|
|
Now at 1B: Ji-an See-to
|
|
|
Now in LF: Martin Koka
|
|
|
Batting: RHB Wali Mulogo
|
0-0: Called Strike 0-1: Ball 1-1: Called Strike 1-2: Foul Ball, location: 2F 1-2: Foul Ball, location: 2F 1-2: Ball 2-2: Ball 3-2: Fly out, F5 (Popup, 5SF, EV 80.0 MPH)
|
|
Batting: RHB Justin Garrett
|
0-0: Foul Ball, location: 2F 0-1: Foul Ball, location: 2F 0-2: Foul Ball, location: 2F 0-2: Ball 1-2: Ball 2-2: Ball 3-2: Fly out, F8 (Line Drive, 8RXD, EV 97.5 MPH)
|
|
Batting: RHB Josh Lofgreen
|
0-0: Ball 1-0: Foul Ball, location: 2F 1-1: Ball 2-1: Foul Ball, location: 2F 2-2: Foul Ball, location: 2F 2-2: Strikes out swinging
|
| Top of the 8th over - 0 runs, 0 hits, 0 errors, 0 left on base; Grand Junction 3 - Billings 32 |
| BOTTOM OF THE 8TH |
|
Billings Mustangs batting - Pitching for Grand Junction Rockies : RHP Julio Marquez
|
|
Pinch Hitting: LHB Alex Vazquez
|
0-0: Swinging Strike 0-1: Ground out U3 (Groundball, 3L, EV 91.9 MPH)
|
|
Batting: RHB Will Trudeau
|
0-0: Foul Ball, location: 2F 0-1: Ball 1-1: Foul Ball, location: 2F 1-2: Foul Ball, location: 2F 1-2: Strikes out swinging, 2-3 out at first.
|
|
Batting: RHB Alex de Leon
|
0-0: Ball 1-0: Ball 2-0: Ball 3-0: Base on Balls
|
|
Batting: RHB Ji-an See-to
|
0-0: Called Strike 0-1: Ground out 5-3 (Groundball, 56S, EV 89.4 MPH)
|
| Bottom of the 8th over - 0 runs, 0 hits, 0 errors, 1 left on base; Grand Junction 3 - Billings 32 |
| TOP OF THE 9TH |
|
Grand Junction Rockies batting - Pitching for Billings Mustangs : LHP Gabe Alcantara
|
|
Now in RF: Alex Vazquez
|
|
|
Batting: RHB Carlos Manriquez
|
0-0: Ground out 5-3 (Groundball, 56, EV 84.4 MPH)
|
|
Batting: RHB Joe Shade
|
0-0: Foul Ball, location: 2F 0-1: Swinging Strike 0-2: Ball 1-2: Foul Ball, location: 2F 1-2: Strikes out swinging
|
|
Batting: RHB Edwin Bejarano
|
0-0: Foul Ball, location: 2F 0-1: Foul Ball, location: 2F 0-2: Strikes out swinging
|
| Top of the 9th over - 0 runs, 0 hits, 0 errors, 0 left on base; Grand Junction 3 - Billings 32 |
|